 Dungeon Sprint DCSS version 0.18.1-5-g4a78601 (webtiles) character file.

263 Hipnos the Covert (level 5, 0/35 HPs)
             Began as a Vampire Enchanter on May 14, 2016.
             Slain by a slime creature (9 damage)
             ... in the Dungeon (Sprint I: "Red Sonja").
             The game lasted 00:01:51 (377 turns).

Hipnos the Covert (Vampire Enchanter)                Turns: 377, Time: 00:01:52

Health: 0/35       AC:  3    Str:  7    XL:     5   Next: 98%
Magic:  6/10       EV: 15    Int: 18    God:
Gold:   162        SH:  0    Dex: 15    Spells: 3 memorised, 5 levels left

rFire  . . .     SeeInvis +     e - +0 dagger (venom)
rCold  . . .     Gourm    .     b - +1 robe
rNeg   + . .     Faith    .     (no shield)
rPois  .         Spirit   .     (no helmet)
rElec  .         Dismiss  .     (no cloak)
rCorr  .         Reflect  .     (no gloves)
SustAt .         Harm     .     (no boots)
MR     .....     NoTele   +     (no amulet)
Stlth  ++++++....               (no ring)
                                (no ring)

@: very slightly contaminated, not resistant to hostile enchantments, very
stealthy
A: fangs 3, see invisible, unbreathing
a: Bat Form


You were in the Dungeon.
You were not thirsty.

You visited 1 branch You collected 162 gold pieces.

Inventory:

Hand Weapons
 a - a +1 dagger
 e - a +0 dagger of venom (weapon)
Armour
 b - a +1 robe (worn)
Scrolls
 j - a scroll of blinking
Potions
 d - a potion of blood
 f - a potion of mutation {unknown}
 h - 2 potions of magic
 i - a potion of berserk rage
Books
 c - a book of Maledictions

   Spells                             Type                      Level
   a - Corona                         Hexes                        1
   b - Ensorcelled Hibernation        Hexes/Ice                    2
   c - Confuse                        Hexes                        3
   d - Tukima's Dance                 Hexes                        3
   e - Dazzling Spray                 Conjuration/Hexes            3


   Skills:
 * Level 4.8 Short Blades
 * Level 5.3 Dodging
 * Level 11.5 Stealth
 + Level 3.5 Spellcasting
 * Level 11.2 Hexes


You had 5 spell levels left.
You knew the following spells:

 Your Spells              Type           Power        Failure   Level  Hunger
a - Corona                Hex            #####..      1%          1    None
b - Ensorcelled Hibernat  Hex/Ice        ###...       2%          2    ##.....
c - Confuse               Hex            #####...     1%          3    ###....


Dungeon Overview and Level Annotations

Branches:
Dungeon (1/1)

Altars:
Cheibriados
Dithmenos
Fedhas
Jiyva


Innate Abilities, Weirdness & Mutations

You have razor-sharp teeth.
You have supernaturally acute eyesight.
You can survive without breathing.


Message History

You are very lightly contaminated with residual magic.
Nothing appears to happen.
The slime creature hits you!!
Ouch! That really hurt!
* * * LOW HITPOINT WARNING * * *
There is an open door here.
There is an open door here.
Things that are here:
an enchanted scythe; a robe
Casting: Ensorcelled Hibernation
Confirm with . or Enter, or press ? or * to list all spells.
Aiming: Ensorcelled Hibernation
Press: ? - help, Shift-Dir - straight line, f/p - slime creature
Aim: a slime creature (chance to defeat MR: 35%)
The slime creature looks drowsy...
The helpless slime creature fails to defend itself.
You stick the slime creature like a pincushion!!!
The slime creature is poisoned.
The slime creature is almost dead.
The slime creature hits you!
You die...

###################
#<.#.÷'..#.@J..#__#
#..'..#.)'..#..'..+
#..#####'#####+#__#
#..# #..# #### #..#
#### #..# #⌠⌠# ####


You could see a slime creature.

Vanquished Creatures
  Sigmund (D)
  An ogre (D)
  Ijyb (D)
3 creatures vanquished.

Vanquished Creatures (others)
  A gargoyle (D)
1 creature vanquished.

Grand Total: 4 creatures vanquished

Notes
Turn   | Place    | Note
--------------------------------------------------------------
     0 | D        | Hipnos the Vampire Enchanter began the quest for the Orb.
     0 | D        | Reached XP level 1. HP: 13/13 MP: 3/3
     1 | D        | Noticed Ijyb
    24 | D        | Killed Ijyb
    24 | D        | Reached XP level 2. HP: 12/19 MP: 5/5
   284 | D        | Noticed an ogre
   286 | D        | Killed an ogre
   286 | D        | Reached XP level 3. HP: 24/24 MP: 7/7
   286 | D        | Reached XP level 4. HP: 30/30 MP: 8/8
   295 | D        | Noticed Sigmund
   305 | D        | Killed Sigmund
   305 | D        | Reached skill level 5 in Dodging
   305 | D        | Reached XP level 5. HP: 29/35 MP: 8/10
   312 | D        | Killed a gargoyle
   326 | D        | Learned a level 2 spell: Ensorcelled Hibernation
   330 | D        | Learned a level 3 spell: Confuse
   367 | D        | Found a snail-covered altar of Cheibriados.
   367 | D        | Found a viscous altar of Jiyva.
   367 | D        | Found a shadowy altar of Dithmenos.
   367 | D        | Found a blossoming altar of Fedhas.
   367 | D        | Noticed a slime creature
   377 | D        | Slain by a slime creature

Skill      XL: |  1  2  3  4 |
---------------+-------------+-----
Short Blades   | 2 3 4 |  4.8
Dodging        | 3 4 5 |  5.3
Stealth        | 6 9 11 | 11.5
Hexes          | 6 9 11 | 11.2
Spellcasting   | 3 |  3.5

Action                   |  1- 3 |  4- 6 || total
-------------------------+-------+-------++-------
Melee: Dagger            |    19 |     9 ||    28
       Bite              |     1 |     2 ||     3
 Cast: Ensorcelled Hiber |       |     1 ||     1
  Use: Potion            |     3 |       ||     3
 Stab: Sleeping          |     2 |     1 ||     3
Armor: Robe              |     4 |       ||     4
Dodge: Dodged            |     5 |     4 ||     9
